Map: Lerilak Crest

Players

iaguz

  • Race: Terran Terran

PiG - Winner!

  • Race: Zerg Zerg
  • League: Grandmaster

Event: 2016 WCS Winter Challenger Oceania SEA

VOD

Have the link to the VOD?

Description

Time

  • Played on: Feb. 13, 2016, 12:33 a.m.
  • Length: 8:45

All games in this series

Show
View Real Time Build Order
Export as new Build Order

iaguz Terran 

Build Orders: Reaper Expand 

Get SALT Encoding   

  12  0:00  SCV  
  13  0:13  SCV  
  14  0:18  Supply Depot  
  14  0:25  SCV  
  15  0:40  SCV  
  15  0:42  Barracks  
  16  0:44  Refinery  
  16  0:52  SCV  
  17  1:04  SCV  
  18  1:17  SCV  
  19  1:29  Orbital Command  
  19  1:30  Reaper  
  20  1:43  Command Center  
  20  1:52  Supply Depot  
  20  1:54  SCV  
  21  2:01  Marine  
  21  2:06  SCV  
  23  2:10  Factory  
  23  2:19  SCV  
  24  2:24  Barracks Reactor  
  24  2:26  Refinery  
  24  2:31  SCV  
  25  2:43  SCV  
  26  2:55  Orbital Command  
  26  2:58  SCV  
  27  3:00  Bunker, Marine x2  
  27  3:01  Starport  
  27  3:02  Widow Mine  
  31  3:10  Supply Depot  
  31  3:12  SCV  
  32  3:21  Marine x2  
  32  3:24  SCV x2  
  36  3:32  Factory Tech Lab  
  36  3:36  SCV x2  
  36  3:39  Medivac  
  36  3:41  Marine x2  
  40  3:48  SCV x2  
  43  3:52  Siege Tank  
  47  4:00  SCV, Marine  
  47  4:01  SCV, Marine  
  51  4:12  Liberator, SCV  
  51  4:13  SCV  
  53  4:19  Marine  
  54  4:27  Command Center  
  54  4:28  Supply Depot  
  54  4:29  Marine  
  54  4:30  Supply Depot  
  58  4:33  SCV x2  
  61  4:46  SCV  
  61  4:49  SCV  
  61  4:51  Supply Depot  
  64  4:57  Barracks  
  64  4:58  SCV  
  62  5:00  Factory Reactor  
  62  5:01  Barracks  
  62  5:02  SCV  
  62  5:06  Refinery x2  
  63  5:08  Stimpack, Marine  
  63  5:10  SCV  
  63  5:14  SCV  
  66  5:18  Starport Reactor  
  66  5:22  SCV, Engineering Bay x2  
  66  5:26  SCV  
  68  5:33  Marine  
  68  5:34  SCV  
  70  5:38  SCV  
  70  5:41  Orbital Command  
  71  5:48  Barracks, SCV  
  71  5:49  Terran Infantry Weapons Level 1, Barracks  
  72  5:50  SCV  
  72  5:54  Marine x2  
  75  6:00  SCV  
  75  6:02  SCV  
  75  6:03  Medivac x2  
  81  6:07  Factory Tech Lab  
  81  6:10  Marine x3  
  84  6:12  SCV, Terran Infantry Armor Level 1  
  84  6:13  SCV  
  84  6:14  SCV  
  87  6:25  SCV x2  
  88  6:26  SCV  
  88  6:30  Marine x4  
  88  6:31  Siege Tank  
  96  6:34  Supply Depot  
  96  6:35  Supply Depot  
  96  6:36  Supply Depot  
  96  6:37  SCV x2  
  96  6:38  SCV  
  96  6:39  Barracks Reactor x2  
  99  6:47  Marauder  
  101  6:55  SCV x2, Marine x2  
  96  7:02  SCV  
  96  7:05  Refinery x2  
  96  7:06  Supply Depot  
  96  7:07  SCV x2  
  99  7:12  Marauder, Siege Tank, Medivac, Marine x2  
  99  7:13  Medivac, Marine x2  
  112  7:16  Supply Depot, Armory  
  112  7:17  Supply Depot  
  112  7:19  SCV x2  
  112  7:20  SCV  
  115  7:24  Marine x4  
  115  7:27  Armory  
  115  7:29  Marine  
  119  7:30  Marine  
  119  7:31  Marine  
  119  7:34  Marauder  
  124  7:39  Supply Depot, Factory  
  124  7:40  Supply Depot  
  124  7:41  Marine  
  124  7:42  Marine x2  
  127  7:48  Marine x4  
  131  7:54  Marine  
  131  7:55  Marauder  
  131  7:57  Siege Tank  
  139  7:59  Marine  
  139  8:04  Marine x2  
  142  8:11  Marine x3  
  141  8:14  Barracks  
  141  8:16  Marauder  
  141  8:17  Missile Turret  
  137  8:21  Marine x2  
  137  8:22  Missile Turret  
Show
View Real Time Build Order
Export as new Build Order

PiG Zerg - Winner!

Build Orders: Hatch First, Muta Ling Bane 

Get SALT Encoding   

  12  0:00  Drone  
  13  0:12  Overlord  
  13  0:17  Drone  
  14  0:30  Drone x2  
  14  0:34  Drone  
  17  0:52  Hatchery  
  17  0:55  Drone  
  17  0:58  Drone  
  18  1:04  Extractor  
  18  1:07  Drone  
  18  1:16  Spawning Pool  
  17  1:20  Drone  
  18  1:29  Drone  
  19  1:38  Overlord  
  19  1:49  Drone  
  20  2:01  Drone  
  20  2:02  Queen  
  20  2:03  Queen  
  20  2:04  Zergling x2  
  20  2:07  Metabolic Boost  
  26  2:10  Zergling x2  
  26  2:15  Zergling x2  
  28  2:21  Drone  
  29  2:32  Drone x2  
  30  2:39  Queen  
  30  2:42  Drone  
  33  2:47  Zergling x2  
  34  2:55  Hatchery  
  34  2:57  Overlord  
  33  3:05  Drone x2  
  33  3:06  Drone  
  36  3:21  Drone x2  
  36  3:22  Drone x5  
  43  3:29  Overlord  
  43  3:32  Overlord  
  43  3:46  Overlord  
  43  3:48  Drone  
  44  3:50  Queen x2  
  44  3:51  Drone x2  
  50  3:58  Zergling x2  
  50  3:59  Drone  
  50  4:00  Overlord  
  50  4:01  Overlord  
  52  4:09  Zergling x8  
  56  4:12  Spore Crawler  
  56  4:14  Drone x3  
  56  4:15  Drone  
  58  4:18  Drone x2  
  60  4:28  Evolution Chamber  
  60  4:30  Extractor  
  58  4:35  Drone x2  
  58  4:36  Drone x2  
  62  4:44  Overlord  
  62  4:45  Overlord  
  62  4:46  Drone  
  62  4:49  Lair  
  62  4:51  Drone x2  
  62  4:52  Drone x3, Extractor  
  67  4:55  Drone  
  67  4:57  Drone  
  69  5:00  Drone  
  69  5:03  Drone  
  69  5:06  Drone x2  
  72  5:10  Overlord, Zerg Ground Armor Level 1  
  72  5:15  Baneling Nest  
  72  5:18  Drone x6  
  77  5:32  Overlord x2  
  77  5:36  Evolution Chamber  
  77  5:38  Zergling x10  
  81  5:43  Extractor  
  81  5:44  Drone x3  
  81  5:45  Drone x3, Extractor  
  81  5:47  Hatchery  
  84  5:51  Hatchery  
  84  5:53  Zergling x2  
  84  5:54  Zergling x4  
  86  5:58  Overseer  
  86  6:01  Centrifical Hooks  
  86  6:04  Drone  
  86  6:05  Spire, Drone, Extractor  
  86  6:07  Drone x2  
  86  6:08  Drone  
  89  6:20  Overlord x2  
  89  6:23  Overlord  
  89  6:24  Zergling x12  
  94  6:32  Zerg Melee Weapons Level 1  
  93  6:38  Drone x8  
  100  6:57  Zergling x10  
  100  6:58  Zergling x6  
  100  6:59  Zergling x4  
  110  7:05  Zergling x4  
  110  7:06  Zergling x12  
  118  7:18  Overlord, Mutalisk x5  
  118  7:19  Overseer  
  118  7:21  Mutalisk x2  
  132  7:27  Baneling  
  132  7:28  Mutalisk  
  134  7:32  Zergling x8  
  138  7:46  Zergling x18  
  147  7:53  Baneling x11  
  147  7:54  Zergling x12  
  147  7:58  Zergling x6  
  156  8:07  Zergling x4  
  156  8:10  Overlord x4  
  148  8:24  Zergling x26  
Tags
 
Add a new tag
Caveats
  • Supply blocks, unpowered buildings, or Contaminate may cause inaccurate times.
  • Supply counts are checked every 10 seconds.